 Dungeon Crawl Stone Soup version 0.13-a0-2382-gbc6a47d (webtiles) character file.

47 ManOfSteam the Charlatan (level 1, 9/12 HPs)
             Began as a Kobold Artificer on July 14, 2013.
             Quit the game on Level 1 of the Dungeon.
             The game lasted 00:03:54 (305 turns).

ManOfSteam the Charlatan (Kobold Artificer)          Turns: 305, Time: 00:03:54

HP   9/12        AC  3     Str 10      XL: 1   Next: 33%
MP   1/1         EV 12     Int 10      God:
Gold 45          SH  0     Dex 15      Spells:  0 memorised,  0 levels left

Res.Fire  : . . .   See Invis. : .   a - +0 short sword
Res.Cold  : . . .   Warding    : .   e - +0 leather armour
Life Prot.: . . .   Conserve   : .   (no shield)
Res.Poison: .       Res.Corr.  : .   (no helmet)
Res.Elec. : .       Clarity    : .   (no cloak)
Sust.Abil.: . .     Spirit.Shd : .   (no gloves)
Res.Mut.  : .       Stasis     : .   (no boots)
Res.Rott. : .       Flight     : .   (no amulet)
Saprovore : + + .                    (no ring)
                                     g - ring of invisibility

@: not resistant to hostile enchantments, unstealthy
A: disease resistance, carnivore 3, saprovore 2
a: Evoke Invisibility


You were on level 1 of the Dungeon.
You were not hungry.

You visited 1 branch of the dungeon, and saw 1 of its levels.

You collected 25 gold pieces.

Inventory:

Hand weapons
 a - a +0,+0 short sword (weapon)
Missiles
 j - 27 sling bullets
Armour
 e - a +0 leather armour (worn)
 m - a +2 leather armour
Magical devices
 b - a wand of flame (13)
 c - a wand of enslavement (15)
 d - a wand of random effects (15)
Comestibles
 f - a meat ration
Scrolls
 h - 2 scrolls of identify {unknown}
 i - a scroll of remove curse {unknown}
 l - a scroll of enchant weapon I {unknown}
 o - a scroll of teleportation
Jewellery
 g - a ring of invisibility (left hand)
Potions
 k - a potion of heal wounds {unknown}
 n - a potion of curing {unknown}


   Skills:
 + Level 1.1 Fighting
 + Level 1.3 Short Blades
 + Level 2.4 Dodging
 + Level 1.3 Stealth
 + Level 2.0 Traps
 + Level 3.7 Evocations


You couldn't memorise any spells.
You didn't know any spells.

Dungeon Overview and Level Annotations

Branches:
Dungeon (1/27)

Altars:


Innate Abilities, Weirdness & Mutations

You recuperate from illness quickly.
You are small and have problems with some larger weapons.
You are carnivorous and can eat meat at any time.
You can eat rotten meat.


Message History

Found a scroll labeled STRACLULUT UCEDGH.
o - 2 scrolls labeled STRACLULUT UCEDGH (gained 1)
Found a scroll labeled WEVUPY FIADEHACW {tried on +0 leather armour}.
Read which item? (? for menu, Esc to quit)
As you read the scroll labeled STRACLULUT UCEDGH, it crumbles to dust.
You feel strangely unstable.
It was a scroll of teleportation.
You completely miss the hobgoblin. The hobgoblin hits you.
You hit the hobgoblin but do no damage. The hobgoblin closely misses you.
You hit the hobgoblin but do no damage.
The hobgoblin hits you but does no damage.
Your leather armour prevents you from hitting the hobgoblin.
Your surroundings suddenly seem different.
Evoke which item? (* to show all) (? for menu, Esc to quit)
Zapping:
b - a wand of flame (14)
Press: ? - help, Shift-Dir - straight line, f - hobgoblin
Aim: a hobgoblin The puff of flame misses the hobgoblin.
This wand has 13 charges left.
Welcome back, ManOfSteam the Kobold Artificer.
Press ? for a list of commands and other information.
Are you sure you want to abandon this character and quit the game? (Confirm with "yes".)

......#### ............########
##..##.... ##.#.###...........
#..##.#### ###.#. #....#####..
#..#.....####...# # #........#..
##..# #....##...#.# #..#####.#..
....# #....##..g#.###..#####.#..
###.#..#.........................
....#..#.....#...#.#.#...####.#.#
#####..#.....###@#.#.....######.#
#..#.....# #.#.#.#...........
#..#.....# #.........####.#.#
#..##.##.###.........# #....
#..##....##.........#####.#.#
#..##.#####.####........#.#..
#####..##............####.....#.#
.......##.##########.# #.###.#..
##..........# #.# #.# ###


You could see a hobgoblin.

Vanquished Creatures
  A giant cockroach (D:1)
  A bat (D:1)
2 creatures vanquished.

Notes
Turn   | Place    | Note
--------------------------------------------------------------
     0 | D:1      | ManOfSteam, the Kobold Artificer, began the quest for the Orb.
     0 | D:1      | Reached XP level 1. HP: 12/12 MP: 1/1
   305 | D:1      | Quit the game

Action                   || total
-------------------------++-------
Melee: Short sword       ||    13
Evoke: Wand              ||     2
  Use: Scroll            ||     2
